AoeStats
← Juyhou

MegaRandom

508700049Analyzed
4v4 RM · 9d ago on Sep 23, 2026· 57m 49s· 8 players
Game mode
Random Map
Map size
Large (8 player)
Population
200
Speed
Normal
Resources
Standard
Victory
Conquest
Starting age
Dark Age
Ending age
Imperial Age
RankedLock teamsTeams togetherTeam positionsShared explorationLock speedFull tech treeHidden civsTurbo modeCheats
Victory
Defeat
🇫🇮 Danes · Finland
2086
+8
🇫🇮 Vikings · Finland
2025
+11
🇫🇮 Danes · Finland
1848
+18
🇨🇳 Varangians · China
1834
+17
🇹🇼 Varangians · Taiwan
1913
-14
🇹🇼 Danes · Taiwan
1906
-14
🇹🇼 Saxons · Taiwan
1883
-13
🇹🇼 Varangians · Taiwan
1875
-13
[LuB]夢夢
6:16 Loom
6:23 Loom
9:19 Feudal Age
9:56 Double-Bit Axe
10:31 Horse Collar
18:53 Castle Age
19:56 Scale Barding Armor
20:52 Wheelbarrow
21:23 Bow Saw
21:13 Gold Mining
22:51 Forging
24:18 Husbandry
25:30 Bloodlines
25:56 Stone Mining
27:48 Hand Cart
28:36 Town Watch
30:05 Chain Barding Armor
35:46 Imperial Age
34:12 Iron Casting
33:11 Vendel Legacy
33:33 Treadmill Crane
34:04 Masonry
35:44 Heavy Plow
36:17 Cavalier
37:33 Plate Barding Armor
38:02 Blast Furnace
37:23 Fletching
38:38 Conscription
40:19 Bodkin Arrow
41:20 Caravan
47:46 Coinage
48:55 Light Cavalry
53:17 Banking
54:59 Hussar
GKT_Cloud
6:30 Loom
9:37 Feudal Age
10:21 Double-Bit Axe
10:48 Horse Collar
18:48 Castle Age
18:16 Forging
19:43 Bow Saw
20:12 Wheelbarrow
19:41 Husbandry
24:59 Bloodlines
28:17 Town Watch
29:34 Iron Casting
30:38 Scale Barding Armor
33:08 Chain Barding Armor
33:46 Stone Mining
33:47 Gold Mining
38:01 Imperial Age
36:57 Hand Cart
38:53 Elite Jarl
40:31 Plate Barding Armor
40:57 Blast Furnace
46:45 Conscription
[LuB]a61
7:12 Loom
11:31 Feudal Age
15:11 Castle Age
14:12 Double-Bit Axe
14:47 Horse Collar
18:43 Bow Saw
22:05 Forging
23:25 Wheelbarrow
26:32 Hand Cart
26:18 Squires
27:42 Heavy Plow
28:09 Town Watch
29:13 Gold Mining
33:22 Imperial Age
32:51 Scale Mail Armor
32:16 Clerical Recruitment
33:33 Arson
34:22 Chain Mail Armor
34:43 Iron Casting
33:32 Shield Wall
34:32 Conscription
34:08 Guard Tower
35:21 Chemistry
34:41 Ballistics
34:14 Fletching
34:15 Elite Varangian Guard
34:57 Treadmill Crane
35:38 Ballistics
35:52 Plate Mail Armor
35:23 Padded Archer Armor
36:06 Fletching
36:04 Arrowslits
36:54 Bodkin Arrow
36:43 Capped Ram
38:20 Keep
37:58 Bracer
39:15 Gold Shaft Mining
38:31 Stone Mining
38:30 Siege Ram
39:56 Siege Engineers
40:18 Masonry
42:14 Architecture
44:37 Man-at-Arms
45:03 Gambesons
45:28 Murder Holes
45:01 Pikeman
48:51 Clerical Recruitment
49:56 Block Printing
50:35 Theocracy
50:25 Illumination
50:31 Caravan
50:59 Illumination
52:27 Redemption
52:38 Sanctity
56:07 Coinage
55:52 Onager
DemonSheep
8:51 Loom
10:40 Feudal Age
9:02 Loom
11:00 Feudal Age
15:35 Castle Age
13:24 Double-Bit Axe
13:36 Horse Collar
14:44 Fletching
16:16 Bodkin Arrow
17:42 Padded Archer Armor
17:34 Gold Mining
22:34 Bow Saw
26:29 Husbandry
28:04 Bloodlines
29:31 Wheelbarrow
29:53 Ballistics
30:43 Town Watch
31:32 Heavy Plow
34:17 Imperial Age
32:38 Hand Cart
32:37 Thumb Ring
33:34 Heavy Plow
34:24 Gold Shaft Mining
33:39 Stone Mining
34:17 Masonry
34:46 Leather Archer Armor
35:21 Conscription
35:02 Bracer
36:40 Chemistry
35:24 Cranequins
36:49 Ring Archer Armor
39:12 Siege Engineers
40:07 Hoardings
41:12 Heavy Mounted Crossbowman
42:24 Onager
44:45 Caravan
55:21 Northmen's Fury
56:23 Siege Onager
57:06 Northmen's Fury
Villese
10:36 Feudal Age
11:06 Loom
14:40 Castle Age
12:44 Double-Bit Axe
13:18 Horse Collar
16:47 Scale Mail Armor
17:52 Forging
26:06 Wheelbarrow
25:52 Bow Saw
26:35 Squires
26:28 Gold Mining
28:29 Town Watch
28:58 Stone Mining
29:49 Chain Mail Armor
30:27 Gold Shaft Mining
30:11 Hand Cart
33:51 Imperial Age
31:05 Hamask
32:14 Arson
33:33 Iron Casting
33:57 Town Patrol
34:40 Gold Shaft Mining
35:26 Conscription
34:29 Elite Jomsviking
35:52 Plate Mail Armor
35:36 Fletching
36:48 Blast Furnace
37:03 Bodkin Arrow
38:16 Ballistics
39:18 Bracer
39:43 Caravan
41:38 Masonry
43:12 Chemistry
43:15 Siege Engineers
44:06 Stone Shaft Mining
44:30 Pikeman
46:15 Halberdier
48:43 Hoardings
50:29 Gambesons
51:35 Onager
52:49 Elite Varangian Guard
53:34 Siege Onager
56:10 Coinage
55:56 Man-at-Arms
57:00 Northmen's Fury
Juyhou
10:59 Feudal Age
9:46 Loom
15:11 Castle Age
13:31 Double-Bit Axe
13:30 Horse Collar
17:24 Bow Saw
20:18 Heavy Plow
22:37 Wheelbarrow
25:33 Hand Cart
25:47 Town Watch
30:01 Imperial Age
28:15 Gold Mining
28:37 Scale Mail Armor
30:53 Chain Mail Armor
30:09 Onager
32:14 Plate Mail Armor
32:05 Conscription
33:02 Hamask
34:55 Elite Jomsviking
36:59 Gold Shaft Mining
36:14 Stone Mining
36:44 Squires
36:56 Forging
37:27 Siege Onager
37:30 Northmen's Fury
40:19 Iron Casting
39:50 Arson
41:05 Siege Engineers
42:27 Blast Furnace
41:53 Elite Varangian Guard
42:38 Fletching
44:00 Chemistry
44:30 Hoardings
44:44 Bodkin Arrow
45:35 Bracer
45:56 Ballistics
46:01 Caravan
49:33 Masonry
49:44 Capped Ram
团团团子
10:57 Feudal Age
11:39 Double-Bit Axe
11:35 Horse Collar
15:46 Bloodlines
21:27 Castle Age
20:35 Loom
23:08 Bow Saw
23:00 Heavy Plow
23:15 Gold Mining
24:03 Wheelbarrow
23:41 Stone Mining
26:55 Husbandry
29:43 Hand Cart
35:20 Imperial Age
35:42 Forging
35:38 Scale Barding Armor
36:12 Scale Barding Armor
36:38 Town Watch
37:29 Iron Casting
37:16 Conscription
37:50 Elite Jarl
40:16 Blast Furnace
40:54 Gothikon
42:07 Chain Barding Armor
47:06 Plate Barding Armor
46:33 Caravan
48:17 Siege Engineers
47:53 Treadmill Crane
48:34 Ballistics
48:25 Masonry
49:16 Chemistry
48:07 Fletching
49:21 Stone Shaft Mining
49:17 Coinage
48:58 Guilds
49:30 Bodkin Arrow
49:36 Padded Archer Armor
49:36 Scale Mail Armor
52:11 Capped Ram
52:12 Heavy Scorpion
54:49 Bracer
TheMax
10:45 Feudal Age
10:05 Loom
14:46 Castle Age
13:38 Double-Bit Axe
14:00 Horse Collar
15:39 Bow Saw
20:21 Town Watch
23:51 Fervor
23:52 Heavy Plow
23:44 Gold Mining
25:55 Stone Mining
29:51 Imperial Age
27:26 Scale Mail Armor
27:51 Fletching
29:01 Chieftains
30:02 Chain Mail Armor
29:57 Forging
30:23 Bodkin Arrow
31:10 Conscription
30:51 Bogsveigar
31:39 Crossbowman
33:06 Bracer
33:50 Padded Archer Armor
35:06 Gold Shaft Mining
33:53 Arbalester
34:56 Ballistics
35:37 Chemistry
35:28 Leather Archer Armor
34:55 Treadmill Crane
36:52 Ring Archer Armor
36:36 Caravan
37:15 Coinage
37:50 Two-Man Saw
37:21 Crop Rotation
37:23 Town Patrol
38:47 Banking
39:44 Siege Engineers
40:17 Hoardings
41:11 Masonry
43:16 Architecture
42:59 Fortified Wall
42:44 Murder Holes
42:41 Elite Berserk
43:39 Chain Mail Armor
43:35 Forging
43:35 Squires
44:15 Forging
45:56 Plate Mail Armor
46:02 Iron Casting
44:51 Elite Varangian Guard
48:17 Blast Furnace
48:23 Arson
Connection lost

Rejoining the realm…

Still unreachable

The connection could not be restored.

Session expired

The server has moved on; the page needs a fresh start.